 Dungeon Crawl Stone Soup version 0.31-a0-431-g88bdf31460 (webtiles) character file.

Game seed: 17535084097027926861

10 holysushi the Cutter (level 2, 24/24 HPs)
             Began as a Demonspawn Monk on July 31, 2023.
             Quit the game on level 1 of the Dungeon.
             The game lasted 00:00:34 (784 turns).

holysushi the Cutter (Demonspawn Monk)               Turns: 784, Time: 00:00:35

Health: 24/24      AC:  2    Str: 11    XL:     2   Next: 10%
Magic:  2/2        EV: 12    Int: 11    God:
Gold:   14         SH:  0    Dex: 15    Spells: 1/1 levels left

rFire   . . .        a - +0 short sword
rCold   . . .        (no shield)
rNeg    . . .        b - +0 robe
rPois   .            (helmet restricted)
rElec   .            (no cloak)
rCorr   .            (no gloves)
SInv    .            (no boots)
Will    .....        (no amulet)
Stlth   +            (no ring)
HPRegen 0.24/turn    (no ring)
MPRegen 0.08/turn

%: no passive effects
@: no status effects
A: horns 1
a: no special abilities


You were on level 1 of the Dungeon.
You visited 1 branch of the dungeon, and saw 1 of its levels.

You collected 14 gold pieces.

Inventory:

Hand Weapons
 a - a +0 short sword (weapon)
Armour
 b - a +0 robe (worn)
Jewellery
 f - an amulet of the acrobat
 g - a +6 ring of dexterity
Scrolls
 e - a scroll of teleportation {unknown}
 h - a scroll of immolation {unknown}
 i - a scroll of acquirement {unknown}
 j - a scroll of revelation {unknown}
Potions
 c - a potion of ambrosia
 d - a potion of lignification {unknown}


   Skills:
 - Level 3.0 Fighting
 + Level 3.3 Short Blades
 - Level 2.6 Dodging


You had one spell level left.
You didn't know any spells.
Your spell library contained the following spells:

 Spells                   Type           Power      Damage    Failure   Level
 Magic Dart               Conj           0%         1d3       34%         1
 Call Imp                 Summ           0%         N/A       47%         2
 Mephitic Cloud           Conj/Pois/Air  0%         N/A       71%         3


Dungeon Overview and Level Annotations

Branches:
Dungeon (1/15) Zot: 5222

Altars:


Innate Abilities, Weirdness & Mutations

You have a pair of small horns on your head.


Message History

There is a stone staircase leading down here.
You see here a +0 short sword.
You open the door.
A quokka comes into view.
A quokka is nearby!
A quokka is nearby!
A quokka is nearby!
There is an open door here.
The quokka bites you.
You hit the quokka but do no damage. Your headbutt misses the quokka.
The quokka misses you.
You hit the quokka.
The quokka is moderately wounded.
The quokka barely misses you.
You hit the quokka. Your headbutt misses the quokka.
The quokka is almost dead.
The quokka closely misses you.
You closely miss the quokka. Your headbutt misses the quokka.
The quokka is almost dead.
The quokka closely misses you.
You hit the quokka.
You kill the quokka!
You see here a quokka corpse.
A goblin comes into view. It is wielding a +0 club.
A goblin is nearby!
A goblin is nearby!
A goblin is nearby!
Unknown command.
The goblin hits you with a +0 club.
You miss the goblin. You closely miss the goblin.
The goblin hits you with a +0 club. The goblin hits you with a +0 club.
You hit the goblin.
You kill the goblin!
No target in view!
Things that are here:
a +0 club; a goblin corpse You start resting.
HP restored.
Are you sure you want to abandon this character and quit the game? (Confirm with "yes".)

###...#.#######.#...####.........
.....................†.'.........
###........####.#...####.....)...
#..#...#.# #.##.## ##>>.....# #
#.##...#.# #..### ##.....##
###......#.# ##.# ##...##
.#####..##.# #.# ##'## #.##
#..##.# #.# #.# ##.###.....# #@#
#.#### #......#### #.# ##.....
##.###### #.###### ##...### #.##
#).....# #.....## .## ##.###.#
##...### ## #.# #####..### # #.#
........... #.. #######.... ###
#####


There were no monsters in sight!

Vanquished Creatures
  A dart slug (D:1)
  2 goblins (D:1)
  A quokka (D:1)
  A ball python (D:1)
  3 bats (D:1)
  A kobold (D:1)
9 creatures vanquished.

Notes
Turn   | Place    | Note
-------+----------+-------------------------------------------
     0 | D:1      | holysushi the Demonspawn Monk began the quest for the Orb.
     0 | D:1      | Reached XP level 1. HP: 18/18 MP: 1/1
   709 | D:1      | Gained mutation: You have a pair of small horns on your
                  | head. [demonic ancestry]
   709 | D:1      | Reached XP level 2. HP: 24/24 MP: 2/2
   784 | D:1      | Quit the game

Illustrated notes

Levels and vault maps discovered:
D:1:      spicycebolla_arrival_xxxplode, layout_loops_corners,
          minmay_stone_trees_medium

Skill      XL: |  1 |
---------------+----+-----
Short Blades   | 3 |  3.3
Fighting       | |  3.0
Dodging        | |  2.6

Action                     || total
---------------------------++-------
  Melee: Short sword       ||    40
 Armour: Robe              ||    12
  Dodge: Dodged            ||    23

Table legend: (Time is in decaauts)
 A = Elapsed time spent in this place.
 B = Non-inter-level travel time spent in this place.
 C = Inter-level travel time spent in this place.
 D = Time resting spent in this place.
 E = Time spent auto-exploring this place.
 F = Levels seen in this place.
 G = Mean time per level.
                   A        B        C        D        E       F      G
               +--------+--------+--------+--------+--------+-----+--------+
         Total |    777 |    777 |      0 |     28 |    648 |   1 |  777.0 |
       Dungeon |    777 |    777 |      0 |     28 |    648 |   1 |  777.0 |
               +--------+--------+--------+--------+--------+-----+--------+

Top non-repeatable levels by time:
     D:1: 777 daAuts
